 Dungeon Crawl Stone Soup version 0.29.0-11-gd7f09526c8 (webtiles) character file.

Game seed: 1321515252711988700

151 greasedhog the Cudgeller (level 5, 0/34 HPs)
             Began as a Gargoyle Gladiator on Sept 6, 2022.
             Killed by an exploding orc (22 damage)
             ... ignited by their inner flame
             ... on level 5 of the Dungeon.
             The game lasted 00:02:27 (2766 turns).

greasedhog the Cudgeller (Gargoyle Gladiator)       Turns: 2766, Time: 00:02:29

Health: 0/34       AC: 20    Str: 20    XL:     5   Next: 33%
Magic:  0/5        EV:  8    Int:  8    God:
Gold:   95         SH:  0    Dex: 17    Spells: 4/4 levels left

rFire   . . .      SeeInvis .   a - +1 flail (protect)
rCold   . . .      Faith    .   (no shield)
rNeg    + . .      Spirit   +   j - +0 chain mail
rPois   ∞          Reflect  .   c - +0 helmet
rElec   +          Harm     .   (no cloak)
rCorr   .          Rampage  .   (no gloves)
Will    .....                   (no boots)
Stlth   ..........              h - amulet of guardian spirit
HPRegen 0.11/turn               o - +6 ring of dexterity
MPRegen 0.09/turn               (no ring)

@: under a protective aura
A: sickness immunity, AC +4, negative energy resistance 1, electricity
resistance, torment resistance 1, petrification resistance
a: no special abilities


You were on level 5 of the Dungeon.
You visited 1 branch of the dungeon, and saw 4 of its levels.

You collected 95 gold pieces.

Inventory:

Hand Weapons
 a - a +1 flail of protection (weapon)
Missiles
 d - 2 throwing nets (quivered)
 e - a javelin
Armour
 c - a +0 helmet (worn)
 j - a +0 chain mail (worn)
Jewellery
 h - an amulet of guardian spirit (around neck)
 o - a +6 ring of dexterity (left hand)
Scrolls
 b - a scroll of identify
 i - 2 scrolls of brand weapon
Potions
 f - a potion of cancellation {unknown}
 g - a potion of invisibility {unknown}
 l - 2 potions of brilliance {unknown}
 n - a potion of heal wounds
 p - a potion of degeneration {unknown}
 q - a potion of curing {unknown}
 r - a potion of flight


   Skills:
 * Level 4.4 Fighting
 * Level 4.6 Maces & Flails
 - Level 1.7 Throwing
 - Level 2.4 Dodging


You had 4 spell levels left.
You didn't know any spells.
Your spell library contained the following spells:

 Spells                   Type           Power      Damage    Failure   Level
 Necrotise                Necr           0%         1d4       99%         1
 Gell's Gravitas          Tloc           0%         N/A       100%        3
 Lesser Beckoning         Tloc           0%         N/A       100%        3
 Teleport Other           Tloc           0%         N/A       100%        3
 Vampiric Draining        Necr           0%         2d6       100%        3
 Agony                    Necr           0%         N/A       100%        5


Dungeon Overview and Level Annotations

Branches:
Dungeon (3/15)

Altars:
Ashenzari

Shops:
D:2 [


Innate Abilities, Weirdness & Mutations

You are immune to sickness and miasma.
Your stone body is resilient. (AC +4)
You are immune to poison.
You resist negative energy. (rN+)
You are resistant to electric shocks. (rElec)
You are resistant to unholy torment.
You are immune to petrification.


Message History

There is an open door here.
The orc priest looks braver for a moment.
The orc hits you with a +0 mace.
The orc priest calls down the wrath of Beogh upon you.
Beogh smites you!
You closely miss the orc. The orc completely misses you.
As you read the scroll labelled GEOZUW SOACAPP, it crumbles to dust.
It is a scroll of enchant weapon.
Your +0 flail of protection glows red for a moment.
As you read the scroll labelled ODGHAWN OREFFE, it crumbles to dust.
It is a scroll of amnesia.
You feel forgetful for a moment. The orc hits you but does no damage. x2
As you read the scroll labelled VOMITI VYSTIKU, it crumbles to dust.
The creatures around you are filled with an inner flame!
It was a scroll of immolation.
The orc completely misses you. The orc hits you but does no damage.
Okay, then.
It was a potion of heal wounds.
You feel much better. The orc barely misses you.
The orc priest calls down the wrath of Beogh upon you.
Beogh smites you!
Throw: 3 throwing nets
Press: ? - help, Q - select action, (/) - cycle Shift-Dir - straight line, f - orc priest
Aim: an orc priest, wielding a +0 hand axe (inner flame, 62% to hit)
You throw a throwing net. The throwing net hits the orc.
The orc is caught in the net!
The orc hits you but does no damage.
The orc struggles against the net.
You strike the helpless orc from behind!
You hit the orc.
Flame seeps out of the orc.
Your weapon exudes an aura of protection.
The orc is lightly wounded.
The orc closely misses you.
The orc is engulfed in blazing flames.
The orc explodes!
The fiery explosion engulfs the orc priest!!!
The fiery explosion engulfs the phantom!
Flame seeps out of the phantom.
The phantom is moderately damaged.
The fiery explosion engulfs the orc!!
The fiery explosion engulfs you!!
Ouch! That really hurt!
You die...

............##
.............#
......##.....#
..#########..##
..# #...# ..##
##..## ...##
#..§## #...##
##.W○### ##...#
###§@.# ##..#
##### #..# #).#
#..# #..# #..#
#..#


You could see a phantom (inner flame).

Vanquished Creatures
  An orc priest (D:5)
  7 gnolls
  4 adders
  3 orcs
  3 bats
  3 endoplasms (D:2)
  9 giant cockroaches
  A goblin (D:3)
  3 hobgoblins
  2 jackals (D:2)
  4 kobolds
  A quokka (D:1)
  5 ball pythons
  A frilled lizard (D:2)
  2 rats (D:1)
49 creatures vanquished.

Notes
Turn   | Place    | Note
-------+----------+-------------------------------------------
     0 | D:1      | greasedhog the Gargoyle Gladiator began the quest for the
                  | Orb.
     0 | D:1      | Reached XP level 1. HP: 12/12 MP: 1/1
   373 | D:1      | Reached XP level 2. HP: 18/18 MP: 2/2
   654 | D:1      | Found a faded altar of an unknown god.
  1213 | D:2      | Reached XP level 3. HP: 23/23 MP: 3/3
  1836 | D:2      | Found Iwuynur's Antique Armour Shoppe.
  2011 | D:2      | Reached XP level 4. HP: 28/28 MP: 4/4
  2252 | D:3      | Reached XP level 5. HP: 15/33 MP: 2/5
  2489 | D:3      | You fall into a shaft and drop 2 floors!
  2489 | D:5      | Entered Level 5 of the Dungeon
  2738 | D:5      | Noticed a phantom
  2740 | D:5      | Found a broken altar of Ashenzari.
  2766 | D:5      | Killed by an exploding orc... ignited by their inner flame

Illustrated notes

Levels and vault maps discovered:
D:1:      minmay_arrival_floating_metal, layout_loops_ring,
          shapermc_ecumenical_altar_pompeii
D:2:      layout_loops_cross, serial_shops, shop_statue, amethyst_killhole,
          minmay_worlds_worst_comb
D:3:      layout_basic, uniq_jessica
D:5:      layout_layer_cave, kennysheep_mini_moat

Skill      XL: |  1  2  3  4 |
---------------+-------------+-----
Fighting       | 3 4 |  4.4
Maces & Flails | 4 |  4.6
Throwing       | |  1.7
Dodging        | |  2.4

Action                   |  1- 3 |  4- 6 || total
-------------------------+-------+-------++-------
Melee: Flail             |   107 |    57 ||   164
Throw: Throwing net      |       |     1 ||     1
  Use: Scroll            |     3 |     3 ||     6
       Potion            |     1 |     1 ||     2
 Stab: Held in net/web   |       |     1 ||     1
Armor: Leather armour    |     7 |       ||     7
       Chain mail        |    63 |    55 ||   118
Dodge: Dodged            |    50 |    42 ||    92
